 Dungeon Crawl Stone Soup version 0.26.1-11-gd32895ea62 (webtiles) character file.

Game seed: 10616120317923654328

30 jlumianski the Caller (level 3, -2/14 HPs)
             Began as a Felid Summoner on May 3, 2021.
             Killed from afar by an orc wizard (7 damage)
             ... with a magic dart
             ... on level 4 of the Dungeon.
             The game lasted 00:13:18 (2478 turns).

jlumianski the Caller (Felid Summoner)              Turns: 2478, Time: 00:13:19

Health: -2/14      AC:  1    Str:  4    XL:     3   Next: 5%
Magic:  7/7        EV: 18    Int: 17    God:
Gold:   40         SH:  0    Dex: 16    Spells: 3/6 levels left
                                        Lives:  0   Deaths: 0

rFire    . . .     SeeInvis +   (weapon unavailable)
rCold    . . .     Faith    .   (shield unavailable)
rNeg     . . .     Spirit   .   (armour unavailable)
rPois    .         Reflect  .   (helmet unavailable)
rElec    .         Harm     .   (cloak unavailable)
rCorr    .         Rampage  .   (gloves unavailable)
Will     .....                  (boots unavailable)
Stlth    +++.......             (no amulet)
HPRegen  0.04/turn              (no ring)
MPRegen  0.10/turn              (no ring)

@: quick
A: very small, no armour, no weapons or thrown items, stealth, claws 1, fangs 3,
see invisible, speed 1, shaggy fur 1, sharp paws
a: no special abilities


You were on level 4 of the Dungeon.
You visited 1 branch of the dungeon, and saw 3 of its levels.

You collected 40 gold pieces.

Inventory:

Scrolls
 a - a scroll of remove curse {unknown}
 b - 3 scrolls of immolation {unknown}
 c - a scroll of enchant armour {unknown}
Potions
 d - a potion of lignification {unknown}


   Skills:
 + Level 2.8 Dodging
 + Level 3.2 Stealth
 + Level 0.6 Unarmed Combat
 + Level 2.4 Spellcasting
 + Level 4.4 Summonings


You had 3 spell levels left.
You knew the following spells:

 Your Spells              Type           Power        Failure   Level
a - Summon Small Mammal   Summ           68%          3%          1
b - Call Imp              Summ           17%          4%          2

Your spell library contained the following spells:

 Spells                   Type           Power        Failure   Level
 Call Canine Familiar     Summ           17%          9%          3
 Summon Guardian Golem    Hex/Summ       9%           22%         3
 Summon Ice Beast         Ice/Summ       9%           58%         4
 Summon Lightning Spire   Summ/Air       9%           58%         4


Dungeon Overview and Level Annotations

Branches:
Dungeon (2/15)

Altars:

Annotations:
D:1 Robin


Innate Abilities, Weirdness & Mutations

You cannot wear armour.
You are incapable of wielding weapons or throwing items.
Your paws allow you to move quietly. (Stealth)
You have sharp claws.
You have razor-sharp teeth.
You have supernaturally acute eyesight. (SInv)
You cover ground quickly.
You are covered in fur. (AC +1)
Your sharp claws are effective at attacking unaware monsters.


Message History

Found two stone staircases leading down.
A leopard gecko, 2 orcs and 2 orc wizards come into view.
The orc wizard shouts!
The orc shouts!
The orc throws a boomerang.
The boomerang hits you.
The orc wizard gestures wildly while chanting.
The orc wizard blinks!
The orc wizard casts a spell.
The orc wizard seems to speed up.
The orc wizard points at you and mumbles some strange words.
The magic dart hits you.
Found a fuming coppery potion.
You see here a mace.
The orc wizard mumbles some strange words.
The orc wizard seems to speed up.
Found a fuming silvery potion.
Found a stone staircase leading up.
Found 14 bolts.
The orc wizard casts a spell at you. The magic dart hits you!
Ouch! That really hurt!
You die...

#.......# #.......#
#.......# #.....+
#.......# #...>.##
#.......# #.......
#......<# #.......
#.......# #.......
#......@# #####.......
#...^...# #...o>....#
........# +...o.....#
......!.+ #.l.......#
........#####.........#
........o..o...########
..........)....#
(..............#
...............#


You could see an orc wizard (fast).

Vanquished Creatures
  3 hobgoblins (D:1)
  2 jackals (D:1)
  A kobold (D:1)
  A ball python (D:1)
  5 bats
  3 frilled lizards (D:1)
  A rat (D:1)
16 creatures vanquished.

Vanquished Creatures (collateral kills)
  10 goblins (D:1)
  4 hobgoblins
  3 jackals (D:1)
  A kobold (D:1)
  A quokka (D:1)
  A bat (D:1)
  2 rats
22 creatures vanquished.

Grand Total: 38 creatures vanquished

Notes
Turn   | Place    | Note
-------+----------+-------------------------------------------
     0 | D:1      | jlumianski the Felid Summoner began the quest for the Orb.
     0 | D:1      | Reached XP level 1. HP: 7/7 MP: 4/4
   729 | D:1      | Reached XP level 2. HP: 11/11 MP: 6/6
  1714 | D:2      | Noticed Robin
  1793 | D:1      | Learned a level 2 spell: Call Imp
  2182 | D:1      | Reached XP level 3. HP: 10/14 MP: 3/7
  2464 | D:2      | You fall into a shaft and drop 2 floors!
  2478 | D:4      | Killed from afar by an orc wizard

Illustrated notes

Levels and vault maps discovered:
D:1:      elethiomel_arrival_infinity_welcomes_careful_drivers, layout_basic
D:2:      layout_basic, minmay_overflow_temple_star_quad, uniq_natasha,
          uniq_robin
D:4:      layout_gridville

Skill      XL: |  1  2 |
---------------+-------+-----
Stealth        | 3 |  3.2
Dodging        | |  2.8
Unarmed Combat | |  0.6
Spellcasting   | |  2.4
Summonings     | |  4.4

Action                   || total
-------------------------++-------
Melee: Unarmed           ||    40
       Bite              ||     1
 Cast: Summon Small Mamm ||    38
       Call Imp          ||     7
 Stab: Sleeping          ||    10
Armor: Skin              ||     7
Dodge: Dodged            ||    74
